 Dungeon Crawl Stone Soup version 0.30.1-11-g7821555f0a (webtiles) character file.

Game seed: 1455510957322901778

3541 Zalbag the Thaumaturge (level 10, -4/112 HPs)
             Began as a Djinni Fire Elementalist on Oct 28, 2023.
             Slain by a hellwing (6 damage)
             ... on level 7 of the Dungeon.
             The game lasted 00:21:55 (7047 turns).

Zalbag the Thaumaturge (Djinni Fire Elementalist)   Turns: 7047, Time: 00:21:56

Health: -4/112     AC: 32    Str:  7    XL:     10   Next: 29%
Gold:   305        EV:  2    Int: 21    God:
                   SH:  0    Dex: 14

rFire   . . .        B - +1 hammer (protect)
rCold   . . .        (no shield)
rNeg    . . .        P - melded +2 robe {rN+}
rPois   ∞            n - melded +2 helmet
rElec   .            D - melded +2 cloak {rCorr}
rCorr   .            l - melded +0 pair of gloves
SInv    .            (boots unavailable)
Will    +....        (no amulet)
Stlth   ++           (no ring)
HPRegen 0.38/turn    (no ring)
MPRegen 0.00/turn

%: infuse magic (-5 HP)
@: mighty, tree-form, under a protective aura, hasted, very quick
A: stationary, stasis, torment immunity, boosted hp, sickness immunity, (fire
resistance 2), (cold vulnerability 1), float, innate caster, HP casting, extra
vitality 1
a: no special abilities


You were on level 7 of the Dungeon.
You were a tree.
You visited 1 branch of the dungeon, and saw 7 of its levels.
You also visited: Bailey.

You collected 435 gold pieces.
You spent 130 gold pieces at shops.

Inventory:

Hand Weapons
 e - a +0 dagger
 k - a +0 long sword of flaming
 p - a +0 spear
 B - a +1 hammer of protection (weapon)
 J - a +1 dagger of protection
Missiles
 a - 2 poisoned darts
 j - 5 javelins (quivered)
 o - 2 throwing nets
Armour
 l - a +0 pair of gloves (melded)
 n - a +2 helmet (melded)
 D - a +2 cloak of preservation (melded)
 H - a +0 kite shield
 K - +0 steam dragon scales
 P - a +2 robe of positive energy (melded)
Jewellery
 b - a +5 ring of evasion
 x - a ring of positive energy
Wands
 C - a wand of roots (6)
 F - a wand of flame (9)
 G - a wand of quicksilver (13)
Scrolls
 c - 2 scrolls of immolation
 f - a scroll of amnesia {unknown}
 g - a scroll of enchant weapon {unknown}
 h - 2 scrolls of teleportation {unknown}
 m - a scroll of fog
 r - 5 scrolls of blinking
 t - 2 scrolls of fear
 u - a scroll of vulnerability {unknown}
 y - a scroll of poison {unknown}
 E - 2 scrolls of magic mapping {unknown}
 I - 3 scrolls of enchant armour {unknown}
Potions
 d - a potion of attraction {unknown}
 i - 4 potions of flight {unknown}
 q - 2 potions of ambrosia {unknown}
 w - 2 potions of might
 z - a potion of cancellation {unknown}
 A - 2 potions of magic {unknown}
 M - a potion of mutation {unknown}
 N - a potion of invisibility {unknown}


   Skills:
 + Level 7.3 Fighting
 - Level 4.1 Dodging
 - Level 1.5 Stealth
 * Level 9.3 Spellcasting


You knew the following spells:

 Your Spells              Type           Power      Damage    Failure   Level
a - Foxfire               Conj/Fire      100%       2x1d9     1%          1
b - Scorch                Fire           96%        2d9       1%          2
c - Volatile Blastmotes   Fire/Tloc      96%        2d18      1%          3
d - Inner Flame           Hex/Fire       48%        N/A       1%          3
e - Flame Wave            Conj/Fire      48%        2d12      1%          4
f - Sting                 Tmut/Pois      100%       1d8       1%          1
g - Passwall              Tmut/Erth      40%        N/A       1%          2
h - Poisonous Vapours     Pois/Air       96%        N/A       1%          2
i - Ozocubu's Armour      Ice            48%        N/A       1%          3
Your spell library was empty.

Dungeon Overview and Level Annotations

Branches:
Dungeon (7/15)             Bailey (visited)
 Temple: D:4-7

Altars:
Cheibriados
Elyvilon

Shops:
D:3 !

Annotations:
D:3 1 runed translucent door, BapaGohns's ghost, amateur DjFE


Innate Abilities, Weirdness & Mutations

You are a tree.
Your roots penetrate the ground, keeping you stationary.
You cannot be teleported.
You are immune to unholy pain and torment.
Your maximum health is greatly increased.
Your equipment is partially melded.
You are immune to sickness and miasma.
You are immune to poison.
((Your flesh is very heat resistant. (rF++)))
((You are vulnerable to cold. (rC-)))
You float through the air rather than walking.
You learn spells naturally, not from books.
Your magical power is your life essence.
You have superior vitality. (+4 MHP)


Message History

The hellwing hits you but does no damage.
The hellwing barely misses you. The hellwing hits you.
* * * LOW HITPOINT WARNING * * *
The hellwing hits you but does no damage.
The shadow imp spits at you.
Unknown command.
Casting: Scorch (safe; 1% risk of failure)
Confirm with . or Enter, or press ? or * to list all spells.
Flames lash the centaur warrior skeleton.
The centaur warrior skeleton is moderately damaged.
The centaur warrior skeleton's fire resistance burns away.
* * * LOW HITPOINT WARNING * * *
A bullfrog comes into view.
The hellwing hits you but does no damage. x2
The hellwing hits you.
* * * LOW HITPOINT WARNING * * *
The hellwing hits you but does no damage.
Unknown command.
Okay, then.
You feel better.
You hit the hellwing but do no damage.
Your weapon exudes an aura of protection.
The hellwing is severely wounded.
The hellwing hits you but does no damage.
The hellwing hits you.
* * * LOW HITPOINT WARNING * * *
The hellwing hits you but does no damage. x2
You closely miss the hellwing.
The hellwing is severely wounded.
The hellwing hits you.
* * * LOW HITPOINT WARNING * * *
The hellwing hits you but does no damage. x3
Unknown command.
You hit the hellwing.
The hellwing is severely wounded.
The centaur warrior skeleton is no longer more vulnerable to fire.
The hellwing hits you.
* * * LOW HITPOINT WARNING * * *
The hellwing hits you.
You die...

......#.#.....#.######.#.......##
#######.#####.#... . #.##....##
..# ....### ## #<...#.##.
...#.###.#.# #..####.##. .....
....#.# #..# #.##. .###.# #..#.#
# .# #.#.. #. #.# #..#5. ..#
#.#.. #..Z########.#####(#..
+.F54♣4............)).
#ZZ5#####..########...
....ZZ5.......#.....#...
......####...##.###.#... .8#
##.........#.#... .
#....###.#.#.#... ..>...#..#
#.#...#... #.#####..###.#####...
..........#.####....


You could see 2 hellwings, a bullfrog, 2 shadow imps, a wolf spider zombie, a
centaur warrior zombie and 2 centaur warrior skeletons.

Vanquished Creatures
  An orc knight (Bailey)
  A deep elf zephyrmancer (Bailey)
  Maggie (D:6)
  Sigmund (D:5)
  Menkaure (D:5)
  A water moccasin (D:7)
  3 orc warriors (Bailey)
  2 sky beasts
  A black bear (D:4)
  3 ogres
  3 phantoms
  Blork the orc (D:6)
  A scorpion (D:6)
  5 killer bees (D:6)
  A hound (D:5)
  Crazy Yiuf (D:4)
  An orc priest (D:7)
  Jessica (D:3)
  3 orc wizards
  4 iguanas
  11 gnolls
  6 adders
  2 shadow imps (D:7)
  3 white imps
  5 dart slugs
  24 orcs
  6 endoplasms
  5 giant cockroaches
  8 goblins
  3 hobgoblins (D:1)
  9 kobolds
  A quokka (D:5)
  6 ball pythons
  8 bats
  7 frilled lizards
  11 rats
151 creatures vanquished.

Vanquished Creatures (others)
  194 foxfires
194 creatures vanquished.

Grand Total: 345 creatures vanquished

Notes
Turn   | Place    | Note
-------+----------+-------------------------------------------
     0 | D:1      | Zalbag the Djinni Fire Elementalist began the quest for the
                  | Orb.
     0 | D:1      | Zalbag set off with the following spells memorised:
                  | Foxfire, Scorch, Volatile Blastmotes, Inner Flame, Flame
                  | Wave.
     0 | D:1      | Reached XP level 1. HP: 15/15 MP: 0/0
   172 | D:1      | Reached XP level 2. HP: 20/21 MP: 0/0
   297 | D:1      | Reached skill level 3 in Spellcasting
   382 | D:1      | Reached XP level 3. HP: 23/25 MP: 0/0
   382 | D:1      | Learned a level 1 spell: Sting
  1049 | D:2      | Reached XP level 4. HP: 18/31 MP: 0/0
  1388 | D:2      | Found a faded altar of an unknown god.
  1403 | D:2      | Reached skill level 4 in Spellcasting
  1419 | D:2      | Identified the +4 mace of Caco Xaado {drain, rElec rF+
                  | MP+9}
  1663 | D:3      | Reached XP level 5. HP: 30/35 MP: 0/0
  1663 | D:3      | Learned a level 2 spell: Passwall
  1764 | D:3      | Found a runed translucent door.
  1766 | D:3      | Noticed BapaGohns's ghost (amateur DjFE)
  1766 | D:3      | Noticed a phantom
  1827 | D:3      | Found Luown's Distillery.
  1839 | D:3      | Bought a potion of heal wounds for 50 gold pieces
  1839 | D:3      | Bought a potion of curing for 30 gold pieces
  1839 | D:3      | Bought a potion of might for 40 gold pieces
  1839 | D:3      | Bought a potion of degeneration for 10 gold pieces
  2316 | D:3      | Noticed Jessica
  2324 | D:3      | Killed Jessica
  2597 | D:4      | Noticed a black bear
  2605 | D:4      | Killed a black bear
  2606 | D:4      | Reached skill level 1 in Fighting
  2606 | D:4      | Reached XP level 6. HP: 37/42 MP: 0/0
  2610 | D:4      | Noticed an ogre
  2615 | D:4      | Killed an ogre
  2679 | D:4      | Noticed an ogre
  2686 | D:4      | Killed an ogre
  2687 | D:4      | Reached skill level 5 in Spellcasting
  2687 | D:4      | Reached XP level 7. HP: 47/49 MP: 0/0
  2687 | D:4      | Learned a level 2 spell: Poisonous Vapours
  2757 | D:4      | Found a snail-covered altar of Cheibriados.
  2760 | D:4      | Found a white marble altar of Elyvilon.
  3114 | D:4      | Found a runed translucent door.
  3115 | D:4      | Noticed Crazy Yiuf
  3121 | D:4      | Killed Crazy Yiuf
  3419 | D:5      | Entered Level 5 of the Dungeon
  3824 | D:5      | Reached XP level 8. HP: 53/56 MP: 0/0
  3890 | D:5      | Noticed Menkaure
  3893 | D:5      | Killed Menkaure
  3894 | D:5      | Reached skill level 6 in Spellcasting
  4458 | D:6      | Noticed Sigmund
  4465 | D:5      | Killed Sigmund
  4764 | D:6      | Noticed Maggie
  4777 | D:6      | Killed Maggie
  4778 | D:6      | Reached skill level 7 in Spellcasting
  4778 | D:6      | Reached XP level 9. HP: 30/64 MP: 0/0
  4778 | D:6      | Learned a level 3 spell: Ozocubu's Armour
  4908 | D:6      | Reached skill level 5 in Fighting
  5256 | D:6      | Noticed Blork the orc
  5277 | D:6      | Killed Blork the orc
  6101 | D:6      | Reached skill level 8 in Spellcasting
  6351 | D:7      | Found a flagged portal.
  6360 | Bailey   | Entered a bailey
  6425 | Bailey   | Noticed an orc knight
  6461 | Bailey   | Killed an orc knight
  6532 | Bailey   | Found a large runed translucent door.
  6532 | Bailey   | Found a large runed translucent door.
  6533 | Bailey   | Noticed a deep elf zephyrmancer
  6581 | Bailey   | Reached XP level 10. HP: 70/73 MP: 0/0
  6713 | Bailey   | Killed a deep elf zephyrmancer
  6714 | Bailey   | Reached skill level 9 in Spellcasting
  7033 | D:7      | HP: 5/112 [hellwing (3)]
  7043 | D:7      | HP: 3/112 [hellwing (5)]
  7047 | D:7      | Slain by a hellwing

Illustrated notes

Levels and vault maps discovered:
D:1:      minmay_arrival_widening_spiral_wide, layout_loops_ring
D:2:      layout_rooms, shapermc_ecumenical_altar_mp_highgroup
D:3:      layout_basic, tgw_sif, serial_rivers, chequers_serial_rivers_micro_e,
          chequers_serial_rivers_large_b, chequers_serial_rivers_micro_c,
          chequers_serial_rivers_micro_e, chequers_serial_rivers_marsh,
          serial_shops, nicolae_shop_industrial_runoff,
          ebering_ghost_inner_flame
D:4:      layout_basic, nicolae_overflow_squiral, uniq_crazy_yiuf_cottage
D:5:      layout_basic, uniq_menkaure
D:6:      layout_layer_cave, uniq_blork_the_orc, uniq_maggie, uniq_sigmund
D:7:      cheibrodos_grave_circle, layout_basic, tgw_trog,
          minmay_temple_entry_hall, enter_bailey_8

Skill      XL: |  1  2  3  4  5  6  7  8  9 10 |
---------------+-------------------------------+-----
Spellcasting   | 3 4 5 7 8 9 |  9.3
Fighting       | 1 2 3 4 6 7 |  7.3
Dodging        | 3 4 |  4.1
Stealth        | |  1.5

Action                     |  1- 3 |  4- 6 |  7- 9 | 10-12 || total
---------------------------+-------+-------+-------+-------++-------
  Melee: Dagger            |    33 |    31 |     1 |       ||    65
         Punch             |     1 |       |       |       ||     1
         Mace              |       |       |    27 |    10 ||    37
  Throw: Javelin           |       |     2 |     5 |     2 ||     9
         Dart              |       |       |     6 |       ||     6
         Throwing net      |       |       |     1 |       ||     1
   Cast: Foxfire           |    20 |    15 |    76 |     5 ||   116
         Scorch            |    15 |    22 |    67 |    37 ||   141
         Sting             |     2 |     6 |    11 |       ||    19
         Passwall          |       |       |     1 |       ||     1
         Poisonous Vapours |       |       |     7 |       ||     7
         Ozocubu's Armour  |       |       |     1 |       ||     1
         Flame Wave        |       |       |       |     4 ||     4
  Evoke: Wand              |       |       |     1 |     3 ||     4
    Use: Scroll            |       |       |     4 |       ||     4
         Potion            |       |       |     1 |     9 ||    10
   Stab: Sleeping          |     3 |     3 |       |       ||     6
 Armour: Robe              |    11 |     9 |    15 |     9 ||    44
         Steam dragon scal |       |       |     9 |     1 ||    10
         Skin              |       |       |       |    81 ||    81
  Dodge: Dodged            |    34 |    23 |    52 |    23 ||   132
